 Dungeon Crawl Stone Soup version 0.24-a0-528-g98e85ec62a (webtiles) character file.

Game seed: 12186984479071548848

23 Mithandil the Conjurer (level 3, -1/19 HPs)
             Began as a Tengu Conjurer on Aug 6, 2019.
             Slain by a gnoll
             ... wielding a +0 spear
              (10 damage)
             ... on level 1 of the Dungeon.
             The game lasted 00:03:58 (619 turns).

Mithandil the Conjurer (Tengu Conjurer)              Turns: 619, Time: 00:03:59

Health: -1/19      AC:  2    Str:  9    XL:     3   Next: 0%
Magic:  7/7        EV: 13    Int: 15    God:
Gold:   39         SH:  0    Dex: 14    Spells: 3/6 levels left

rFire    . . .     SeeInvis .   (no weapon)
rCold    . . .     Gourm    .   (no shield)
rNeg     . . .     Faith    .   a - +0 robe
rPois    .         Spirit   .   (helmet restricted)
rElec    .         Reflect  .   (no cloak)
rCorr    .         Harm     .   (no gloves)
MR       .....                  (boots unavailable)
Stlth    ++........             (no amulet)
HPRegen  0.06/turn              (no ring)
MPRegen  0.10/turn              (no ring)

@: no status effects
A: beak, talons 3
a: no special abilities


You were on level 1 of the Dungeon.
You were not hungry.

You visited 1 branch of the dungeon, and saw 2 of its levels.

You collected 39 gold pieces.

Inventory:

Hand Weapons
 d - a +1 hand axe of electrocution
Missiles
 b - 3 boomerangs (quivered)
Armour
 a - a +0 robe (worn)
Potions
 e - a potion of magic {unknown}
 g - 2 potions of heal wounds {unknown}
Comestibles
 c - a ration
 f - 5 chunks of flesh


   Skills:
 + Level 0.0 Fighting
 + Level 2.4 Dodging
 + Level 2.2 Stealth
 + Level 0.6 Unarmed Combat
 * Level 2.3 Spellcasting
 * Level 5.6 Conjurations


You had 3 spell levels left.
You knew the following spells:

 Your Spells              Type           Power        Failure   Level  Hunger
a - Magic Dart            Conj           ###.         1%          1    #......
b - Searing Ray           Conj           ###...       3%          2    ###....

Your spell library contained the following spells:

 Spells                   Type           Power        Failure   Level  Hunger
 Dazzling Spray           Conj/Hex       ##....       21%         3    ###....
 Iskenderun's Mystic Bla  Conj           ###.....     21%         4    #####..
 Force Lance              Conj/Tloc      ##......     54%         4    #####..
 Fulminant Prism          Conj/Hex       ##........   54%         4    #####..


Dungeon Overview and Level Annotations

Branches:
Dungeon (2/15)

Altars:


Innate Abilities, Weirdness & Mutations

You have a beak for a mouth.
You have claws for feet.


Message History

You closely miss the gnoll. You peck the gnoll.
The gnoll is moderately wounded.
The gnoll completely misses you.
You hit the gnoll but do no damage. You peck the gnoll, but do no damage.
The gnoll is moderately wounded.
The gnoll misses you.
You hit the gnoll. Your kick misses the gnoll.
The gnoll is moderately wounded.
The gnoll hits you with a +0 spear.
You hit the gnoll. You claw the gnoll.
The gnoll is heavily wounded.
The gnoll hits you but does no damage.
You closely miss the gnoll.
The gnoll is heavily wounded.
The gnoll hits you but does no damage.
You hit the gnoll.
The gnoll is severely wounded.
The gnoll hits you with a +0 spear!
Ouch! That really hurt!
You die...

#.. #.....#
#...#.....###########
#...#...............#
#..................####
#...................!
##.#....................
.......÷.#..........### ######
##..#....#....g.......####.....
. #.##.#....@.....#..........
.... #..########### ##......
.... ##..### ###.....
#......###...### #....... #.##
#.........#### .#..... #.
#####......... #.....
#.###....## #..... # #.# #.#...
#.÷..# #.## #.#
..##.######..###


You could see a gnoll.

Vanquished Creatures
  3 dart slugs (D:1)
  A giant cockroach (D:1)
  3 hobgoblins (D:1)
  6 jackals (D:1)
  A kobold (D:1)
  A rat (D:1)
15 creatures vanquished.

Notes
Turn   | Place    | Note
-------+----------+-------------------------------------------
     0 | D:1      | Mithandil the Tengu Conjurer began the quest for the Orb.
     0 | D:1      | Reached XP level 1. HP: 10/10 MP: 4/4
    65 | D:1      | Reached XP level 2. HP: 5/15 MP: 1/6
   157 | D:1      | Learned a level 2 spell: Searing Ray
   536 | D:1      | Reached XP level 3. HP: 19/19 MP: 1/7
   619 | D:1      | Slain by a gnoll

Levels and vault maps discovered:
D:1:      tarquinn_simple_flora_water_e, layout_rooms,
          minmay_misc_feat_nine_boxes, minmay_misc_feat_plants
D:2:      layout_basic, gammafunk_temple_overflow_elements, st_stairs_14,
          uniq_sigmund

Action                   || total
-------------------------++-------
Melee: Unarmed           ||    44
       Kick              ||    13
       Peck              ||     9
 Cast: Magic Dart        ||    30
Armor: Robe              ||     5
Dodge: Dodged            ||    36

Table legend:
 A = Non-vault XP
 B = Vault XP
 C = Vault XP percentage of total XP
 D = Non-vault monster count
 E = Vault monster count
 F = Vault count percentage of total count
                 A         B        C        D         E       F
            +---------+---------+-------+---------+---------+-------
      Total |      34 |       0 |   0.0 |      15 |       0 |   0.0
            +---------+---------+-------+---------+---------+-------
        D:1 |      34 |       0 |   0.0 |      15 |       0 |   0.0
            +---------+---------+-------+---------+---------+-------
